 Dungeon Crawl Stone Soup version 0.29.1-1-gd02db69 (webtiles) character file.

Game seed: 17590107283946225213

33 samcosmo the Sneak (level 3, -10/20 HPs)
             Began as a Kobold Enchanter on Apr 27, 2023.
             Killed from afar by Sigmund (12 damage)
             ... with a puff of flame
             ... on level 2 of the Dungeon.
             The game lasted 00:03:54 (1213 turns).

samcosmo the Sneak (Kobold Enchanter)               Turns: 1213, Time: 00:03:54

Health: -10/20     AC:  2    Str:  5    XL:     3   Next: 47%
Magic:  0/6        EV: 15    Int: 16    God:
Gold:   95         SH:  0    Dex: 17    Spells: 4/6 levels left

rFire   . . .      SeeInvis .   g - +3 dagger
rCold   . . .      Faith    .   (no shield)
rNeg    . . .      Spirit   .   b - +0 robe
rPois   .          Reflect  .   (no helmet)
rElec   .          Harm     .   (no cloak)
rCorr   .          Rampage  .   (no gloves)
Will    .....                   (no boots)
Stlth   ++........              (no amulet)
HPRegen 0.06/turn               (no ring)
MPRegen 0.10/turn               (no ring)

@: confused, very slightly contaminated
A: small, no large weapons, nightstalker 3
a: no special abilities


You were on level 2 of the Dungeon.
You visited 1 branch of the dungeon, and saw 2 of its levels.

You collected 95 gold pieces.

Inventory:

Hand Weapons
 a - a +1 dagger
 g - a +3 dagger (weapon)
Armour
 b - a +0 robe (worn)
Scrolls
 d - a scroll of butterflies {unknown}
 f - 2 scrolls of teleportation {unknown}
 j - a scroll of enchant armour {unknown}
 k - a scroll of identify {unknown}
Potions
 c - 2 potions of invisibility
 e - a potion of degeneration {unknown}
 h - 2 potions of magic {unknown}
 i - a potion of ambrosia {unknown}


   Skills:
 + Level 1.0 Fighting
 + Level 1.9 Short Blades
 + Level 2.7 Dodging
 + Level 4.3 Stealth
 + Level 2.4 Spellcasting
 * Level 3.4 Hexes


You had 4 spell levels left.
You knew the following spells:

 Your Spells              Type           Power      Damage    Failure   Level
a - Ensorcelled Hibernat  Hex/Ice        14%        N/A       16%         2

Your spell library contained the following spells:

 Spells                   Type           Power      Damage    Failure   Level
 Confusing Touch          Hex            12%        N/A       14%         3
 Tukima's Dance           Hex            12%        N/A       14%         3
 Dazzling Flash           Conj/Hex       14%        N/A       30%         3


Dungeon Overview and Level Annotations

Branches:
Dungeon (2/15)

Altars:

Shops:
D:1 (

Annotations:
D:2 Sigmund


Innate Abilities, Weirdness & Mutations

You are small and have problems with some larger weapons.
You are completely attuned to the shadows.


Message History

Sigmund is heavily wounded.
Sigmund hits you with a +0 scythe.
You hit Sigmund.
Sigmund is severely wounded.
You barely miss Sigmund.
Sigmund is severely wounded.
Sigmund barely misses you.
You hit Sigmund.
Sigmund is severely wounded.
Sigmund hits you with a +0 scythe!
Ouch! That really hurt!
* * * LOW HITPOINT WARNING * * *
Casting: Ensorcelled Hibernation (safe; 16% risk of failure)
Confirm with . or Enter, or press ? or * to list all spells.
Aiming: Ensorcelled Hibernation (safe; 16% risk of failure)
Press: ? - help, Shift-Dir - straight line, f - Sigmund
Aim: Sigmund, wielding a +0 scythe and wearing a +0 robe (severely wounded, chance to affect: 50%)
You miscast Ensorcelled Hibernation.
You are very lightly contaminated with residual magic.
Nothing appears to happen.
Casting: Ensorcelled Hibernation (safe; 16% risk of failure)
Confirm with . or Enter, or press ? or * to list all spells.
Aiming: Ensorcelled Hibernation (safe; 16% risk of failure)
Press: ? - help, Shift-Dir - straight line, f/p - Sigmund
Aim: Sigmund, wielding a +0 scythe and wearing a +0 robe (severely wounded, chance to affect: 50%) Sigmund resists with some effort.
Sigmund barely misses you.
Unknown command.
Casting: Ensorcelled Hibernation (safe; 16% risk of failure)
Confirm with . or Enter, or press ? or * to list all spells.
Aiming: Ensorcelled Hibernation (safe; 16% risk of failure)
Press: ? - help, Shift-Dir - straight line, f/p - Sigmund
Aim: Sigmund, wielding a +0 scythe and wearing a +0 robe (severely wounded, chance to affect: 50%) Sigmund resists with some effort.
Sigmund casts a spell at you.
You are confused.
You're too confused to move!
Sigmund casts a spell at you. The puff of flame hits you!
Ouch! That really hurt!
You die...

......... .~........
~~........
...@......
#...@....# #.....)##
.....†.##
.$......###
........$.$..
##.........#.. #.#.#
#.............
#..>##........(.....
#.....#.........#).


You could see Sigmund.

Vanquished Creatures
  A worm (D:2)
  2 dart slugs
  An endoplasm (D:1)
  A hobgoblin (D:2)
  3 jackals (D:1)
  3 quokkas (D:1)
  2 ball pythons
  2 frilled lizards
  3 goblins
  6 kobolds
  3 rats
27 creatures vanquished.

Notes
Turn   | Place    | Note
-------+----------+-------------------------------------------
     0 | D:1      | samcosmo the Kobold Enchanter began the quest for the Orb.
     0 | D:1      | Reached XP level 1. HP: 10/10 MP: 3/3
   106 | D:1      | Found Hipleich's Antique Weapon Shoppe.
   273 | D:1      | Reached XP level 2. HP: 15/15 MP: 5/5
   281 | D:1      | Learned a level 2 spell: Ensorcelled Hibernation
   817 | D:1      | Reached XP level 3. HP: 20/20 MP: 6/6
  1187 | D:2      | Reached skill level 1 in Fighting
  1196 | D:2      | Noticed Sigmund
  1213 | D:2      | Killed from afar by Sigmund

Illustrated notes

Levels and vault maps discovered:
D:1:      dpeg_arrival_shrine, layout_basic, serial_shops,
          nicolae_shop_hallway_plus
D:2:      layout_rooms, shapermc_ecumenical_altar_acropolis, uniq_sigmund

Skill      XL: |  1  2  3 |
---------------+----------+-----
Fighting       | 1 |  1.0
Short Blades   | |  1.9
Dodging        | |  2.7
Stealth        | |  4.3
Spellcasting   | |  2.4
Hexes          | |  3.4

Action                   || total
-------------------------++-------
Melee: Dagger            ||    86
       Punch             ||     2
 Cast: Ensorcelled Hiber ||     5
 Stab: Sleeping          ||     8
Armor: Robe              ||     5
Dodge: Dodged            ||    52
